 Dungeon Crawl Stone Soup version 0.29.0-13-gc9e81de378 (webtiles) character file.

Game seed: 4682822563070872428

312 Renzlar the Shield-Bearer (level 6, -2/118 HPs)
             Began as a Gnoll Fighter on Sept 10, 2022.
             Succumbed to an orc wizard's poison
             ... on level 5 of the Dungeon on Sept 11, 2022.
             The game lasted 00:11:00 (3578 turns).

Renzlar the Shield-Bearer (Gnoll Fighter)           Turns: 3578, Time: 00:11:01

Health: -2/118     AC: 23    Str: 17    XL:     6   Next: 42%
Magic:  9/9        EV:  2    Int:  8    God:
Gold:   156        SH:  5    Dex: 11    Spells: 9/9 levels left

rFire   . . .      SeeInvis .   q - +1 hand axe (elec)
rCold   . . .      Faith    .   o - +0 buckler
rNeg    . . .      Spirit   .   (body armour currently unavailable)
rPois   +          Reflect  .   (helmet currently unavailable)
rElec   .          Harm     .   (cloak currently unavailable)
rCorr   .          Rampage  .   (gloves currently unavailable)
Will    .....      NoTele   +   (boots currently unavailable)
Stlth   ..........              (no amulet)
HPRegen 0.29/turn               (no ring)
MPRegen 0.11/turn               (no ring)

@: berserking, lethally poisoned (-2 -> -28), tree-form, very quick
A: stationary, stasis, torment immunity, boosted hp, (fangs 1), strong nose,
distributed training
a: no special abilities


You were on level 5 of the Dungeon.
You were a tree.
You visited 2 branches of the dungeon, and saw 6 of its levels.

You collected 156 gold pieces.

Inventory:

Hand Weapons
 a - a +1 war axe
 c - a +0 sling
 q - a +1 hand axe of electrocution (weapon)
Missiles
 s - 2 poisoned darts (quivered)
Armour
 b - a +1 scale mail
 h - a +0 chain mail (melded)
 o - a +0 buckler (worn)
Wands
 e - a wand of charming (8)
Scrolls
 g - a scroll of summoning
 n - 2 scrolls of blinking
 p - 3 scrolls of teleportation
 r - a scroll of poison
 t - a scroll of amnesia
Potions
 d - a potion of might
 f - 2 potions of mutation
 i - a potion of heal wounds
 j - a potion of resistance {unknown}
 k - 2 potions of flight
 l - a potion of lignification
 m - a potion of berserk rage


   Skills:
 + Level 6.8 Fighting
 + Level 2.0 Short Blades
 + Level 2.0 Long Blades
 + Level 5.0 Axes
 + Level 2.0 Maces & Flails
 + Level 2.0 Polearms
 + Level 2.0 Staves
 + Level 2.0 Ranged Weapons
 + Level 2.0 Throwing
 + Level 6.8 Armour
 + Level 2.0 Dodging
 + Level 2.0 Stealth
 + Level 6.8 Shields
 + Level 2.0 Unarmed Combat
 + Level 2.0 Spellcasting
 + Level 1.6 Conjurations
 + Level 1.6 Hexes
 + Level 1.6 Summonings
 + Level 1.6 Necromancy
 + Level 1.6 Translocations
 + Level 1.6 Transmutations
 + Level 1.6 Fire Magic
 + Level 1.6 Ice Magic
 + Level 1.6 Air Magic
 + Level 1.6 Earth Magic
 + Level 1.6 Poison Magic
 + Level 2.2 Invocations
 + Level 2.0 Evocations


You had 9 spell levels left.
You didn't know any spells.
Your spell library contained the following spells:

 Spells                   Type           Power      Damage    Failure   Level
 Ensorcelled Hibernation  Hex/Ice        6%         N/A       34%         2
 Passwall                 Tmut/Erth      2%         N/A       34%         2
 Gell's Gravitas          Tloc           3%         N/A       56%         3
 Lesser Beckoning         Tloc           3%         N/A       56%         3
 Swiftness                Air            3%         N/A       56%         3
 Teleport Other           Tloc           3%         N/A       56%         3


Dungeon Overview and Level Annotations

Branches:
Dungeon (5/15)             Temple (1/1) D:4

Altars:
Ashenzari
Elyvilon
Hepliaklqana
Makhleb
Nemelex Xobeh
Qazlal
Ru
Sif Muna
Uskayaw
Yredelemnul
Zin

Shops:
D:1 (


Innate Abilities, Weirdness & Mutations

You are a tree.
Your roots penetrate the ground, keeping you stationary.
You cannot be teleported.
You are immune to unholy pain and torment.
Your maximum health is greatly increased.
Your equipment is partially melded.
((You have very sharp teeth.))
Your uncanny sense of smell can sniff out nearby items.
Your experience applies equally to all skills.


Message History

Unknown command.
It was a potion of lignification.
You turn into a tree.
Your +0 chain mail melds into your body.
Your roots penetrate the ground.
* * * LOW HITPOINT WARNING * * *
You feel extremely sick. Something hits you but does no damage.
You are more poisoned.
The orc hits you but does no damage.
It was a potion of berserk rage.
A red film seems to cover your vision as you go berserk!
You feel yourself moving faster!
You feel mighty!
* * * LOW HITPOINT WARNING * * *
You feel extremely sick. The orc hits you but does no damage.
Something hits you but does no damage.
You cannot move. (Use ctrl+direction or * direction to attack while stationary and confused.)
You cannot move. (Use ctrl+direction or * direction to attack while stationary and confused.)
You cannot move. (Use ctrl+direction or * direction to attack while stationary and confused.)
You cannot move. (Use ctrl+direction or * direction to attack while stationary and confused.)
You cannot move. (Use ctrl+direction or * direction to attack while stationary and confused.)
You cannot move. (Use ctrl+direction or * direction to attack while stationary and confused.)
You cannot move. (Use ctrl+direction or * direction to attack while stationary and confused.)
You cannot move. (Use ctrl+direction or * direction to attack while stationary and confused.)
You barely miss something. You barely miss the orc.
* * * LOW HITPOINT WARNING * * *
You feel very sick. Something hits you but does no damage.
You are more poisoned.
The orc hits you but does no damage.
You barely miss something. You hit the orc. Lightning courses through the orc!
You kill the orc!
You feel less confused.
* * * LOW HITPOINT WARNING * * *
You feel very sick.
You hear some strange, mumbled words.
Something tries to affect you, but you resist.
Unknown command.
You are too berserk!
You closely miss something.
You die...

#..# #..
###.. ..#..
#.#.# #.#.#
..# #.#w#
.....##.#)#
#...<♣{#
####.###
#.# ..#
####


You could see a dart slug.

Vanquished Creatures
  A phantom (D:4)
  An orc priest (D:4)
  Natasha (thrice) (D:3)
  An orc wizard (D:5)
  2 adders
  An ufetubus (D:4)
  A worm (D:2)
  A dart slug (D:2)
  11 orcs
  4 bats
  3 endoplasms
  4 giant cockroaches
  4 goblins
  7 hobgoblins
  8 jackals (D:2)
  3 quokkas
  4 ball pythons
  3 frilled lizards
  7 kobolds
  5 rats
74 creatures vanquished.

Vanquished Creatures (others)
  A fungus (D:2)
1 creature vanquished.

Grand Total: 75 creatures vanquished

Notes
Turn   | Place    | Note
-------+----------+-------------------------------------------
     0 | D:1      | Renzlar the Gnoll Fighter began the quest for the Orb.
     0 | D:1      | Reached XP level 1. HP: 23/23 MP: 1/1
   343 | D:1      | Reached XP level 2. HP: 26/29 MP: 2/2
   404 | D:1      | Found Teaqotauck's Weapon Emporium.
   876 | D:2      | Found a sparkling altar of Nemelex Xobeh.
   948 | D:2      | Reached XP level 3. HP: 35/35 MP: 3/3
  1252 | D:2      | Reached skill level 1 in Invocations
  1296 | D:2      | Found a faded altar of an unknown god.
  1399 | D:2      | Reached skill level 1 in Short Blades
  1399 | D:2      | Reached skill level 1 in Long Blades
  1399 | D:2      | Reached skill level 1 in Maces & Flails
  1399 | D:2      | Reached skill level 1 in Polearms
  1399 | D:2      | Reached skill level 1 in Staves
  1399 | D:2      | Reached skill level 1 in Ranged Weapons
  1399 | D:2      | Reached skill level 1 in Throwing
  1399 | D:2      | Reached skill level 1 in Dodging
  1399 | D:2      | Reached skill level 1 in Stealth
  1399 | D:2      | Reached skill level 1 in Unarmed Combat
  1399 | D:2      | Reached skill level 1 in Spellcasting
  1399 | D:2      | Reached skill level 1 in Evocations
  1697 | D:3      | Noticed Natasha
  1704 | D:3      | Killed Natasha
  1705 | D:3      | Reached XP level 4. HP: 37/41 MP: 5/5
  1712 | D:3      | Reached skill level 1 in Conjurations
  1712 | D:3      | Reached skill level 1 in Hexes
  1712 | D:3      | Reached skill level 1 in Summonings
  1712 | D:3      | Reached skill level 1 in Necromancy
  1712 | D:3      | Reached skill level 1 in Translocations
  1712 | D:3      | Reached skill level 1 in Transmutations
  1712 | D:3      | Reached skill level 1 in Fire Magic
  1712 | D:3      | Reached skill level 1 in Ice Magic
  1712 | D:3      | Reached skill level 1 in Air Magic
  1712 | D:3      | Reached skill level 1 in Earth Magic
  1712 | D:3      | Reached skill level 1 in Poison Magic
  2008 | D:3      | Found a burning altar of Makhleb.
  2116 | D:3      | Noticed Natasha
  2129 | D:3      | Killed Natasha
  2161 | D:3      | Noticed Natasha
  2168 | D:3      | Killed Natasha
  2169 | D:3      | Reached XP level 5. HP: 30/47 MP: 7/7
  2339 | D:3      | Found a stormy altar of Qazlal.
  2610 | D:4      | Found a staircase to the Ecumenical Temple.
  2630 | Temple   | Entered the Ecumenical Temple
  3323 | D:4      | Noticed a phantom
  3339 | D:4      | Killed a phantom
  3340 | D:4      | Reached skill level 5 in Axes
  3340 | D:4      | Reached XP level 6. HP: 50/53 MP: 7/9
  3545 | D:5      | Entered Level 5 of the Dungeon
  3571 | D:5      | HP: 2/53 [poisoned by an orc wizard]
  3577 | D:5      | HP: 2/118 [poisoned by an orc wizard]
  3578 | D:5      | Succumbed to an orc wizard's poison

Illustrated notes

Levels and vault maps discovered:
D:1:      minmay_arrival_jagged, layout_basic, serial_shops, shop_fountains,
          minmay_distorted
D:2:      layout_loops_ring, shapermc_ecumenical_altar_mp_ritualfount,
          basic_altar
D:3:      layout_basic, bloody_makhleb, nicolae_qazlal_eye_of_the_storm,
          skrybe_limestone_x, minmay_cut_off, uniq_natasha
D:4:      layout_gridville, temple_statues
D:5:      layout_loops_corners, grunt_temple_overflow_open,
          mainiacjoe_overflow_tiny_flanked, serial_shops,
          nicolae_shop_bloodbath_and_beyond, gammafunk_ghost_gnarly_gnolls,
          minmay_ruined_shrine
Temple:   hellmonk_temple_rainy

Skill      XL: |  1  2  3  4  5 |
---------------+----------------+-----
Invocations    | 1 2 |  2.2
Short Blades   | 1 2 |  2.0
Long Blades    | 1 2 |  2.0
Maces & Flails | 1 2 |  2.0
Polearms       | 1 2 |  2.0
Staves         | 1 2 |  2.0
Ranged Weapons | 1 2 |  2.0
Throwing       | 1 2 |  2.0
Dodging        | 1 2 |  2.0
Stealth        | 1 2 |  2.0
Unarmed Combat | 1 2 |  2.0
Spellcasting   | 1 2 |  2.0
Evocations     | 1 2 |  2.0
Conjurations   | 1 |  1.6
Hexes          | 1 |  1.6
Summonings     | 1 |  1.6
Necromancy     | 1 |  1.6
Translocations | 1 |  1.6
Transmutations | 1 |  1.6
Fire Magic     | 1 |  1.6
Ice Magic      | 1 |  1.6
Air Magic      | 1 |  1.6
Earth Magic    | 1 |  1.6
Poison Magic   | 1 |  1.6
Axes           | 5 |  5.0
Fighting       | |  6.8
Armour         | |  6.8
Shields        | |  6.8

Action                   |  1- 3 |  4- 6 || total
-------------------------+-------+-------++-------
Melee: War axe           |   114 |    87 ||   201
       Bite              |    12 |     8 ||    20
       Hand axe          |       |    44 ||    44
 Fire: Sling             |       |     7 ||     7
  Use: Scroll            |     9 |     5 ||    14
       Potion            |       |     4 ||     4
Armor: Scale mail        |    20 |       ||    20
       Chain mail        |    49 |    77 ||   126
       Skin              |       |     6 ||     6
Dodge: Dodged            |    37 |    37 ||    74
Block: Buckler           |    26 |    39 ||    65
